 Dungeon Crawl Stone Soup version 0.30.0-5-g1a98f26d00 (webtiles) character file.

Game seed: 5007340026252031041

135 Orangeyouglad the Chucker (level 5, -5/40 HPs)
             Began as a Human Wanderer on May 9, 2023.
             Killed by divine providence
             ... invoked by an orc priest
              (12 damage)
             ... on level 3 of the Dungeon.
             The game lasted 00:07:05 (2898 turns).

Orangeyouglad the Chucker (Human Wanderer)          Turns: 2898, Time: 00:07:05

Health: -5/40      AC:  6    Str: 14    XL:     5   Next: 42%
Magic:  3/8        EV: 10    Int: 14    God:
Gold:   76         SH:  0    Dex: 11    Spells: 7/8 levels left

rFire   . . .        a - +2 dagger
rCold   . . .        (no shield)
rNeg    . . .        c - +0 ring mail
rPois   .            (no helmet)
rElec   .            s - +0 cloak
rCorr   .            (no gloves)
SInv    .            (no boots)
Will    .....        (no amulet)
Stlth   +            (no ring)
HPRegen 0.26/turn    (no ring)
MPRegen 0.11/turn

%: no passive effects
@: no status effects
A: no striking features
a: no special abilities


You were on level 3 of the Dungeon.
You visited 1 branch of the dungeon, and saw 3 of its levels.

You collected 76 gold pieces.

Inventory:

Hand Weapons
 a - a +2 dagger (weapon)
Missiles
 b - a curare-tipped dart
 h - 10 poisoned darts
 v - 2 boomerangs (quivered)
Armour
 c - a +0 ring mail (worn)
 j - a +0 robe
 s - a +0 cloak (worn)
Scrolls
 e - a scroll of amnesia
 f - a scroll of noise {unknown}
 i - a scroll of silence {unknown}
 p - a scroll of immolation {unknown}
 q - a scroll of identify {unknown}
 r - a scroll of vulnerability {unknown}
 t - a scroll of torment {unknown}
 u - a scroll of teleportation {unknown}
Potions
 d - a potion of mutation
 g - a potion of resistance {unknown}
 k - 2 potions of brilliance {unknown}
 l - 2 potions of flight {unknown}
 n - 2 potions of curing {unknown}
 o - a potion of haste {unknown}


   Skills:
 + Level 2.9 Fighting
 - Level 4.0 Throwing
 + Level 2.9 Armour
 + Level 1.7 Dodging
 + Level 2.1 Spellcasting
 + Level 2.1 Earth Magic


You had 7 spell levels left.
You knew the following spells:

 Your Spells              Type           Power      Damage    Failure   Level
a - Sandblast             Erth           14%        2d6       19%         1

Your spell library contained the following spells:

 Spells                   Type           Power      Damage    Failure   Level
 Passwall                 Tmut/Erth      3%         N/A       41%         2
 Ensorcelled Hibernation  Hex/Ice        2%         N/A       56%         2
 Stone Arrow              Conj/Erth      8%         3d7       65%         3
 Swiftness                Air            1%         N/A       80%         3


Dungeon Overview and Level Annotations

Branches:
Dungeon (3/15)

Altars:
Kikubaaqudgha
Vehumet


Message History

Confirm with . or Enter, or press ? or * to list all spells.
Aiming: Sandblast (safe; 19% risk of failure)
Press: ? - help, Shift-Dir - straight line, f/p - orc priest
Aim: an orc priest, wielding a +0 whip and wearing a +0 ring mail (moderately wounded, 83% to hit)
The blast of sand hits the orc priest but does no damage.
The orc priest is moderately wounded.
The orc priest hits you but does no damage.
Casting: Sandblast (safe; 19% risk of failure)
Confirm with . or Enter, or press ? or * to list all spells.
Aiming: Sandblast (safe; 19% risk of failure)
Press: ? - help, Shift-Dir - straight line, f/p - orc priest
Aim: an orc priest, wielding a +0 whip and wearing a +0 ring mail (moderately wounded, 83% to hit)
Okay, then.
The orc priest attacks as you move away!
The orc priest hits you with a +0 whip.
The orc priest miscasts a cantrip.
Casting: Sandblast (safe; 19% risk of failure)
Confirm with . or Enter, or press ? or * to list all spells.
Aiming: Sandblast (safe; 19% risk of failure)
Press: ? - help, Shift-Dir - straight line, f/p - orc priest
Aim: an orc priest, wielding a +0 whip and wearing a +0 ring mail (moderately wounded, 83% to hit)
The blast of sand hits the orc priest but does no damage.
The orc priest is moderately wounded.
The orc priest calls down the wrath of Beogh upon you.
Beogh smites you!
You hit the orc.
The orc is heavily wounded.
The orc priest calls down the wrath of Beogh upon you.
Beogh smites you!
* * * LOW HITPOINT WARNING * * *
The orc completely misses you.
You barely miss the orc.
The orc is heavily wounded.
The orc hits you but does no damage.
As you read the scroll of summoning, it crumbles to dust.
Wisps of shadow whirl around you... The orc hits you with a +0 short sword.
* * * LOW HITPOINT WARNING * * *
The orc priest mumbles some strange prayers to Beogh against you.
Beogh smites you!
You die...

########################
#...........##.........###
###...........##.........#..
###..#####.#####.'.........'..
#....###.#.#.#####.........#..
####....##P.#.#..## #.........#..
...#....#..P#.#P..# #.........###
...#....#####.#######.........###
...#.o........oo@gwgg.........##.
...#....#####.######g.........##.
...'....#.P.#.#...##.......#####.
...#....##..#.#..###.....).# ###.
...########b#.#P####.......###...
.>.)))..#####.#####........'.'...
######.....................###...
#.................##### #...
#............##.......# #..#


You could see an orc priest, an orc (ally target), 4 friendly gnolls and a
friendly dart slug (summoned).

Vanquished Creatures
  A howler monkey (D:3)
  4 adders
  A dart slug (D:1)
  5 orcs
  A ball python (D:2)
  6 bats
  6 endoplasms
  A giant cockroach (D:1)
  3 goblins
  7 hobgoblins
  2 jackals (D:2)
  3 kobolds
  2 quokkas
  2 frilled lizards
  7 rats
51 creatures vanquished.

Vanquished Creatures (others)
  A human (D:3)
1 creature vanquished.

Grand Total: 52 creatures vanquished

Notes
Turn   | Place    | Note
-------+----------+-------------------------------------------
     0 | D:1      | Orangeyouglad the Human Wanderer began the quest for the
                  | Orb.
     0 | D:1      | Orangeyouglad set off with the following items: a +2
                  | dagger, a curare-tipped dart, a +0 ring mail, a potion of
                  | mutation; and the following spell memorised: Sandblast; and
                  | the following spells available to memorise: Stone Arrow.
     0 | D:1      | Reached XP level 1. HP: 16/16 MP: 2/2
   274 | D:1      | Reached XP level 2. HP: 14/22 MP: 0/3
   814 | D:1      | Reached XP level 3. HP: 27/27 MP: 2/5
  1111 | D:2      | Learned a level 3 spell: Stone Arrow
  1302 | D:2      | Reached skill level 1 in Dodging
  1557 | D:2      | Found a radiant altar of Vehumet.
  1564 | D:2      | Reached XP level 4. HP: 31/34 MP: 2/6
  1865 | D:3      | Found an ancient bone altar of Kikubaaqudgha.
  2086 | D:3      | Reached XP level 5. HP: 39/40 MP: 1/8
  2294 | D:3      | Noticed a human
  2299 | D:3      | Killed a human
  2898 | D:3      | Killed from afar by an orc priest

Illustrated notes

Levels and vault maps discovered:
D:1:      dpeg_arrival_castle, layout_basic, nicolae_titane
D:2:      layout_loops_cross, basic_altar
D:3:      layout_basic, tgw_kikubaaqudgha, serial_aquarium,
          aquarium_bridge_long_separate [aquarium_subvault_wall,
          aquarium_subvault_bridge, aquarium_subvault_bridge,
          aquarium_subvault_bridge, aquarium_subvault_bridge,
          aquarium_subvault_bridge], aquarium_bridge_square
          [aquarium_subvault_bridge, aquarium_subvault_bridge,
          aquarium_subvault_bridge, aquarium_subvault_bridge],
          aquarium_window_corner, aquarium_window_1, aquarium_window_2,
          aquarium_view_2c

Skill      XL: |  1  2  3  4 |
---------------+-------------+-----
Dodging        | 1 |  1.7
Spellcasting   | 2 |  2.1
Earth Magic    | 2 |  2.1
Fighting       | |  2.9
Throwing       | |  4.0
Armour         | |  2.9

Action                     |  1- 3 |  4- 6 || total
---------------------------+-------+-------++-------
  Melee: Dagger            |    58 |    33 ||    91
         Punch             |       |     1 ||     1
  Throw: Dart              |     2 |     3 ||     5
         Boomerang         |       |     6 ||     6
   Cast: Sandblast         |    19 |    49 ||    68
    Use: Scroll            |       |     3 ||     3
 Armour: Ring mail         |    28 |    49 ||    77
  Dodge: Dodged            |    44 |    61 ||   105
